 Dungeon Crawl Stone Soup version 0.29-a0-872-g797fff5ad1 (webtiles) character file.

Game seed: 89645417637112789

35 jimonade the Shield-Bearer (level 3, -6/30 HPs)
             Began as a Formicid Fighter on July 18, 2022.
             Mangled by Sigmund
             ... wielding a +3 scythe of protection
              (7 damage)
             ... on level 2 of the Dungeon.
             The game lasted 00:01:35 (1146 turns).

jimonade the Shield-Bearer (Formicid Fighter)       Turns: 1146, Time: 00:01:35

Health: -6/30      AC:  7    Str: 20    XL:     3   Next: 52%
Magic:  3/3        EV:  9    Int:  9    God:
Gold:   78         SH:  5    Dex: 13    Spells: 2/2 levels left

rFire   . . .      SeeInvis +   a - +0 long sword
rCold   . . .      Faith    .   c - +0 buckler
rNeg    . . .      Spirit   .   l - +0 scale mail
rPois   .          Reflect  .   (helmet unavailable)
rElec   .          Harm     .   (no cloak)
rCorr   .          Rampage  .   (no gloves)
Will    .....                   (no boots)
Stlth   ..........              (no amulet)
HPRegen 0.10/turn               (no ring)
MPRegen 0.08/turn               (no ring)

@: no status effects
A: permanent stasis, dig shafts and tunnels, antennae 3, four strong arms
a: Dig, Shaft Self


You were on level 2 of the Dungeon.
You visited 1 branch of the dungeon, and saw 2 of its levels.

You collected 78 gold pieces.

Inventory:

Hand Weapons
 a - a +0 long sword (weapon)
 b - a +0 shortbow
Armour
 c - a +0 buckler (worn)
 j - a +0 leather armour
 l - a +0 scale mail (worn)
Magical Staves
 h - a staff of death
Scrolls
 e - a scroll of noise {unknown}
 n - 2 scrolls of vulnerability {unknown}
 o - a scroll of identify {unknown}
 p - 2 scrolls of immolation {unknown}
Potions
 d - a potion of might
 f - 2 potions of attraction {unknown}
 g - a potion of lignification {unknown}
 i - 3 potions of curing {unknown}
 k - a potion of haste {unknown}
 m - 2 potions of brilliance {unknown}


   Skills:
 * Level 3.9 Fighting
 + Level 2.4 Long Blades
 + Level 3.8 Armour
 + Level 4.1 Shields


You had 2 spell levels left.
You didn't know any spells.
Your spell library contained the following spells:

 Spells                   Type           Power      Damage    Failure   Level
 Beastly Appendage        Tmut           0%         N/A       80%         1
 Wereblood                Tmut           0%         N/A       91%         2
 Spider Form              Tmut/Pois      0%         N/A       99%         3


Dungeon Overview and Level Annotations

Branches:
Dungeon (2/15)

Altars:

Annotations:
D:2 Sigmund


Innate Abilities, Weirdness & Mutations

You cannot be hasted, slowed, berserked, paralysed or teleported.
You can dig through walls and to a lower floor.
You have a pair of large antennae on your head. (SInv)
Your four strong arms can wield two-handed weapons with a shield.


Message History

Sigmund points at you and mumbles some strange words.
The magic dart hits you.
You closely miss Sigmund.
Sigmund is moderately wounded.
Sigmund hits you with a +3 scythe of protection!
* * * LOW HITPOINT WARNING * * *
You closely miss Sigmund.
Sigmund is moderately wounded.
Sigmund gestures at you while chanting.
You are confused.
You closely miss Sigmund.
Sigmund is moderately wounded.
Sigmund casts a spell at you. The puff of flame hits you.
* * * LOW HITPOINT WARNING * * *
You're too confused to move!
Sigmund giggles. "Time to reap what you sow."
Sigmund gestures at you while chanting. You resist with some effort.
You closely miss Sigmund.
Sigmund is moderately wounded.
Sigmund barely misses you.
You bump into the rock wall.
Sigmund barely misses you.
You hit Sigmund but do no damage.
Sigmund is moderately wounded.
You feel less confused. Sigmund closely misses you.
You closely miss Sigmund.
Sigmund is moderately wounded.
Sigmund casts a spell at you. The magic dart hits you.
* * * LOW HITPOINT WARNING * * *
You slash Sigmund!
Sigmund is severely wounded.
Sigmund hits you with a +3 scythe of protection.
* * * LOW HITPOINT WARNING * * *
You closely miss Sigmund.
Sigmund is heavily wounded.
Sigmund hits you with a +3 scythe of protection!
You die...

............
##..
###..####....
#.. #..####....
#..
###........#
...
#.....######
#.# #.....# #?#
#.....# #.#
#.....# #@#
#.....# #@#
#####.##
######.#
#...####......#
#........######
.......######
#.##.### # #.
#. ..


You could see Sigmund (invisible).

Vanquished Creatures
  A dart slug (D:1)
  An endoplasm (D:1)
  A giant cockroach (D:1)
  4 goblins (D:1)
  4 hobgoblins (D:1)
  4 jackals (D:1)
  2 kobolds (D:1)
  2 quokkas
  5 ball pythons
  A frilled lizard (D:1)
  2 rats (D:1)
27 creatures vanquished.

Notes
Turn   | Place    | Note
-------+----------+-------------------------------------------
     0 | D:1      | jimonade the Formicid Fighter began the quest for the Orb.
     0 | D:1      | Reached XP level 1. HP: 18/18 MP: 1/1
    25 | D:1      | Found a faded altar of an unknown god.
   238 | D:1      | Reached XP level 2. HP: 22/24 MP: 2/2
   504 | D:1      | Reached XP level 3. HP: 27/30 MP: 3/3
  1122 | D:2      | Noticed Sigmund
  1145 | D:2      | HP: 1/30 [Sigmund/+3 scythe of protection (4)]
  1146 | D:2      | Mangled by Sigmund

Illustrated notes

Levels and vault maps discovered:
D:1:      denvon_arrival_planthouse, layout_loops_cross,
          hellmonk_ecumenical_altar_pennies_from_heaven
D:2:      layout_loops_cross, uniq_sigmund, uniq_natasha

Action                   || total
-------------------------++-------
Melee: Long sword        ||    87
 Fire: Shortbow          ||     9
Armor: Scale mail        ||    32
Dodge: Dodged            ||    41
Block: Buckler           ||    19

Table legend: (Time is in decaauts)
 A = Elapsed time spent in this place.
 B = Non-inter-level travel time spent in this place.
 C = Inter-level travel time spent in this place.
 D = Time resting spent in this place.
 E = Time spent auto-exploring this place.
 F = Levels seen in this place.
 G = Mean time per level.
                   A        B        C        D        E       F      G
               +--------+--------+--------+--------+--------+-----+--------+
         Total |   1178 |   1146 |     32 |      0 |    906 |   2 |  589.0 |
       Dungeon |   1178 |   1146 |     32 |      0 |    906 |   2 |  589.0 |
               +--------+--------+--------+--------+--------+-----+--------+

Top non-repeatable levels by time:
     D:1: 957 daAuts
     D:2: 220 daAuts
